 Dungeon Crawl Stone Soup version 0.22-a0-305-gd21a89c (webtiles) character file.

2036 Amnesiac the Shield-Bearer (level 9, -3/41 HPs)
             Began as a Spriggan Gladiator on Mar 31, 2018.
             Was an Initiate of Gozag.
             Slain by an orc warrior
             ... wielding a +0 dire flail
              (16 damage)
             ... on level 7 of the Dungeon.
             The game lasted 00:17:16 (8093 turns).

Amnesiac the Shield-Bearer (Spriggan Gladiator)     Turns: 8093, Time: 00:17:16

Health: -3/41      AC:  5    Str: 13    XL:     9   Next: 4%
Magic:  10/10      EV: 20    Int:  9    God:    Gozag
Gold:   620        SH:  8    Dex: 18    Spells: 8/8 levels left

rFire    + . .     SeeInvis +   a - +2 dagger (drain)
rCold    . . .     Gourm    .   B - +0 buckler
rNeg     . . .     Faith    .   F - +2 robe {MR+}
rPois    .         Spirit   .   c - +0 hat
rElec    .         Reflect  .   q - +0 cloak
rCorr    .         Harm     .   (gloves unavailable)
MR       ++...                  (boots unavailable)
Stlth    ++++......             (no amulet)
HPRegen  0.13/turn              m - ring of protection from fire
MPRegen  0.12/turn              J - ring of stealth

@: gold aura, very quick
A: very small, unfitting armour, see invisible, herbivore, speed 3, slow
metabolism 2
a: Potion Petition, Call Merchant, Bribe Branch, Renounce Religion


You were on level 7 of the Dungeon.
You worshipped Gozag.
Gozag was pleased with you.
You were not hungry.

You visited 2 branches of the dungeon, and saw 8 of its levels.
You also visited: Sewer.

You collected 815 gold pieces.
You spent 108 gold pieces at shops.
You paid 87 gold pieces to Gozag.

Inventory:

Hand Weapons
 a - a +2 dagger of draining (weapon)
 b - a +0 blowgun
Missiles
 d - 2 throwing nets (quivered)
 e - 6 needles of confusion
 h - a curare-tipped needle
 i - 226 stones
 n - 42 sling bullets
 G - 32 poisoned needles
 H - 12 tomahawks
Armour
 c - a +0 hat (worn)
 q - a +0 cloak (worn)
 B - a +0 buckler (worn)
 F - a +2 robe of magic resistance (worn)
Magical Staves
 Q - an uncursed staff of death
Jewellery
 m - a ring of protection from fire (left hand)
 y - an uncursed amulet of harm
 J - a ring of stealth (right hand)
 L - an uncursed ring of magical power
 M - an uncursed ring of stealth
Wands
 P - a wand of random effects (51)
Scrolls
 l - 3 scrolls of remove curse {!r, unknown}
 u - 3 scrolls of teleportation {!r, unknown}
 v - 2 scrolls of blinking {!r, unknown}
 z - 3 scrolls of enchant armour {!r, unknown}
 A - a scroll of fear {!r, unknown}
 K - 2 scrolls of random uselessness {!r, unknown}
 N - a scroll of torment {!r, unknown}
 O - a scroll of amnesia {!r}
Potions
 g - 2 potions of degeneration {!q, unknown}
 j - 4 potions of berserk rage {!q, unknown}
 k - a potion of flight {!q, unknown}
 o - 2 potions of magic {!q, unknown}
 p - 6 potions of curing {!q}
 r - 2 potions of ambrosia {!q, unknown}
 s - a potion of might {!q, unknown}
 t - 2 potions of heal wounds {!q, unknown}
 w - 2 potions of haste {!q, unknown}
 x - 2 potions of cancellation {!q, unknown}
 C - a potion of agility {!q, unknown}
 D - 2 potions of brilliance {!q}
 E - a potion of mutation {!q}
 I - 3 potions of lignification {!q}
Comestibles
 f - 17 rations


   Skills:
 - Level 1.5 Fighting
 - Level 6.3 Short Blades
 - Level 4.9 Throwing
 - Level 4.4 Dodging
 - Level 6.3 Stealth
 + Level 6.6 Shields


You had 8 spell levels left.
You didn't know any spells.

Dungeon Overview and Level Annotations

Branches:
Dungeon (7/15)             Temple (1/1) D:5

Altars:
Dithmenos
Gozag
Hepliaklqana
Qazlal
Ru
Trog
Vehumet
Xom
Zin
The Shining One

Shops:
D:6 (*=   D:7 [

Annotations:
D:4 , 2 transporters, Amnesiac's ghost, amateur SpGl


Innate Abilities, Weirdness & Mutations

You are very small and have problems with some larger weapons.
You are too small for most types of armour.
You have supernaturally acute eyesight. (SInv)
You are a herbivore.
You cover ground extremely quickly.
You need to consume almost no food.


Message History

an enchanted blowgun; an enchanted whip Put on which piece of jewellery? (? for menu, Esc to quit)
You're wearing all the rings you can.
Remove which one? (? for menu, Esc to cancel) < or
m - a ring of protection from fire; > or
L - a ring of magical power You remove your ring of magical power.
You feel your magic capacity decrease.
J - a ring of stealth (right hand)
G - 31 poisoned needles (gained 1)
i - 226 stones (gained 1)
Found Dyschey's Armour Emporium.
G - 32 poisoned needles (gained 1)
There is an entrance to Dyschey's Armour Emporium here.
You now have 620 gold pieces (gained 8).
You see here a club.
An orc wizard comes into view. It is wielding a dagger.
An orc wizard is nearby!
An orc warrior and an orc priest come into view.
The orc priest shouts!
The orc wizard hits you but does no damage.
Found a pair of gloves.
You block the orc priest's attack.
The orc warrior shouts!
You hit the orc priest but do no damage.
You drain the orc priest!
The orc priest is moderately wounded.
You hit the orc priest.
The orc priest is heavily wounded.
You hit the orc wizard.
The orc wizard is moderately wounded.
The orc priest calls upon Beogh to heal the orc wizard.
The orc wizard's wounds heal themselves!
You closely miss the orc priest.
The orc priest is heavily wounded.
The orc wizard barely misses you. The orc warrior closely misses you.
The orc priest misses you.
You hit the orc priest but do no damage.
You drain the orc priest!
The orc priest is severely wounded.
The orc wizard hits you with a dagger.
You hit the orc priest but do no damage.
The orc priest is severely wounded.
The orc warrior misses you.
The orc priest looks braver for a moment.
You hit the orc priest.
You kill the orc priest!
The orc wizard looks satisfied for a moment.
The orc warrior is distracted by the nearby gold.
You closely miss the orc warrior.
The orc warrior is no longer distracted by gold.
The orc warrior shouts!
The orc wizard misses you.
You closely miss the orc warrior. The orc warrior completely misses you.
You barely miss the orc warrior. The orc wizard closely misses you.
The orc warrior hits you with a dire flail!!
Ouch! That really hurt!
* * * LOW HITPOINT WARNING * * *
You hit the orc wizard but do no damage.
You drain the orc wizard!
The orc wizard is moderately wounded.
You barely miss the orc warrior. The orc wizard misses you.
You completely miss the orc warrior.
The orc warrior hits you with a dire flail!
You die...
Your body crumbles into a pile of gold.

..##....#######...##
##..)).##
###............)###..###))#
##................## #..#
....######...#..## #...#
.... ##..###.... ....#
....# #...# #........[..
.....# ##..## #...........
#...##...# ##..........
#....@#####...........
...##..oo##..............
#.................
###.............[.
###...$.........
#.............
#.####......... ##
##.....##. ###..##


You could see an orc warrior and an orc wizard.

Vanquished Creatures
  The ghost of Amnesiac the Slicer, a novice KoFi of Gozag (D:3)
  Menkaure (D:4)
  An ice beast (D:6)
  2 orc warriors
  A centaur (D:6)
  2 ogres (D:5)
  3 big kobolds
  A bullfrog (D:6)
  A centaur zombie (D:5)
  A centaur skeleton (D:5)
  5 orc priests
  Crazy Yiuf (D:4)
  A hound (D:6)
  A bullfrog skeleton (D:5)
  An iguana (D:6)
  3 orc wizards
  Ijyb (D:5)
  4 worker ants
  4 gnolls (D:4)
  10 adders
  A river rat (Sewer)
  An ooze (Sewer)
  An adder skeleton (D:4)
  8 worms
  2 dart slugs
  A leopard gecko (D:7)
  33 orcs
  4 ball pythons
  4 bats
  5 giant cockroaches
  7 goblins
  6 hobgoblins
  9 jackals
  13 kobolds
  5 quokkas
  4 frilled lizards
  A leopard gecko zombie (D:6)
  6 rats
156 creatures vanquished.

Vanquished Creatures (others)
  A phantom (D:6)
  A worker ant (D:6)
  A quokka (D:3)
3 creatures vanquished.

Grand Total: 159 creatures vanquished

Notes
Turn   | Place    | Note
-------+----------+-------------------------------------------
     0 | D:1      | Amnesiac the Spriggan Gladiator began the quest for the Orb.
     0 | D:1      | Reached XP level 1. HP: 10/10 MP: 2/2
   102 | D:2      | Reached XP level 2. HP: 13/14 MP: 3/3
   463 | D:3      | Reached XP level 3. HP: 18/18 MP: 4/4
   790 | D:3      | Reached skill level 1 in Stealth
   976 | D:3      | Noticed Amnesiac's ghost (novice KoFi)
  1019 | D:3      | Found a glowing drain.
  1028 | Sewer    | Entered a sewer
  1271 | Sewer    | Reached XP level 4. HP: 20/22 MP: 5/5
  1291 | Sewer    | Noticed a big kobold
  1292 | Sewer    | Noticed a big kobold
  1319 | Sewer    | Killed a big kobold
  1319 | Sewer    | Reached XP level 5. HP: 17/25 MP: 6/6
  1676 | D:3      | Killed Amnesiac's ghost
  1676 | D:3      | Reached skill level 5 in Short Blades
  1676 | D:3      | Reached skill level 5 in Stealth
  1676 | D:3      | Reached XP level 6. HP: 30/30 MP: 7/7
  1731 | D:4      | Found a runed door.
  1773 | D:4      | Noticed Menkaure
  2123 | D:3      | Found a stormy altar of Qazlal.
  2234 | D:4      | Noticed a kobold demonologist
  2235 | D:4      | Found a shimmering altar of Xom.
  2244 | D:4      | Reached XP level 7. HP: 31/33 MP: 8/8
  2299 | D:4      | Found a glowing golden altar of the Shining One.
  2437 | D:4      | Found a bloodstained altar of Trog.
  2498 | D:4      | Noticed Amnesiac's ghost (amateur SpGl)
  2962 | D:4      | Noticed a wyvern
  2964 | D:4      | Found a transporter.
  2972 | D:4      | Found a transporter.
  3139 | D:5      | Entered Level 5 of the Dungeon
  3421 | D:5      | Noticed Ijyb
  3450 | D:5      | Killed Ijyb
  3450 | D:5      | Reached skill level 1 in Shields
  3519 | D:5      | Found a staircase to the Ecumenical Temple.
  3525 | Temple   | Entered the Ecumenical Temple
  3661 | Temple   | Became a worshipper of Gozag Ym Sagoz the Greedy
  5094 | D:3      | Found a faded altar of an unknown god.
  5464 | D:4      | Killed Menkaure
  5599 | D:4      | Noticed Crazy Yiuf
  5637 | D:4      | Killed Crazy Yiuf
  5799 | D:5      | Found a shadowy altar of Dithmenos.
  5821 | D:5      | Reached XP level 8. HP: 37/37 MP: 9/9
  6511 | D:6      | Found Xueffec's Assorted Antiques.
  6609 | D:6      | Bought a scroll labeled EROUST OT IVVAE for 27 gold pieces
  6609 | D:6      | Bought a scroll labeled SUEDOL TYIHAUN for 27 gold pieces
  6609 | D:6      | Bought a scroll labeled KADWAM JIMIF for 27 gold pieces
  6609 | D:6      | Bought a scroll labeled SUMOMI CYECW for 27 gold pieces
  6712 | D:6      | Found a radiant altar of Vehumet.
  6718 | D:6      | Found Fitroth's Weapon Shop.
  6768 | D:6      | Reached skill level 5 in Shields
  7053 | D:6      | Found a hazy altar of Hepliaklqana.
  7259 | D:6      | Found Nouzanut's Jewellery Shoppe.
  7793 | D:7      | Reached XP level 9. HP: 13/41 MP: 10/10
  8046 | D:7      | Found Dyschey's Armour Emporium.
  8093 | D:7      | Slain by an orc warrior

Vault maps used:
D:1:      minmay_arrival_glassed_features
D:3:      grunt_qazlal_clouds, chequers_ecumenical_altar_twisty,
          cheibrodos_sewer_entry_bend, first_ration, minivault_11
D:4:      gammafunk_temple_overflow_arena, lemuel_doored_altar,
          kennysheep_little_box, wad_floor_pattern_untrapped,
          uniq_crazy_yiuf_cottage, uniq_menkaure
D:5:      nicolae_dithmenos_shadow_blocks, temple_green, uniq_ijyb
D:6:      old_standard_altar, fiery_altar_vehumet, serial_shops, shop,
          nicolae_shop_trees, nicolae_shop_overgrown_old_shop,
          minmay_stone_trees_medium
D:7:      nemelex_xobeh_ov_fountains_minmay, minitemple, serial_shops, shop,
          uniq_pikel
Temple:   minmay_temple_curvy_loop
Sewer:    sewer_co_15_rooms

Skill      XL: |  1  2  3  4  5  6  7  8 |
---------------+-------------------------+-----
Throwing       | 3 4 |  4.9
Stealth        | 2 5 6 |  6.3
Short Blades   | 4 5 6 |  6.3
Shields        | 3 6 |  6.6
Fighting       | |  1.5
Dodging        | |  4.4

Action                   |  1- 3 |  4- 6 |  7- 9 || total
-------------------------+-------+-------+-------++-------
Melee: Rapier            |    32 |       |       ||    32
       Dagger            |    66 |    58 |   479 ||   603
Throw: Throwing net      |       |       |     1 ||     1
Evoke: Wand              |     3 |    12 |    17 ||    32
  Use: Scroll            |       |       |     4 ||     4
       Potion            |       |       |     1 ||     1
 Stab: Sleeping          |     5 |     2 |    12 ||    19
       Paralysed         |       |     2 |       ||     2
       Distracted        |       |       |     2 ||     2
       Held in net/web   |       |       |     1 ||     1
  Eat: Ration            |       |       |     3 ||     3
Armor: Robe              |     8 |       |    25 ||    33
Dodge: Dodged            |    66 |    28 |   244 ||   338
Block: Buckler           |       |       |    81 ||    81

Table legend:
 A = Spawn XP
 B = Non-spawn XP
 C = Spawn XP percentage of total XP
 D = Spawn monster count
 E = Non-spawn monster count
 F = Spawn count percentage of total count
 G = Total turns spent on level
                    A         B        C        D         E        F      G
               +---------+---------+-------+---------+---------+-------+---------
         Total |       0 |    2909 |   0.0 |       0 |     157 |   0.0 |  8093
               +---------+---------+-------+---------+---------+-------+---------
           D:1 |       0 |      27 |   0.0 |       0 |      14 |   0.0 |   478
           D:2 |       0 |      48 |   0.0 |       0 |      13 |   0.0 |   842
           D:3 |       0 |     474 |   0.0 |       0 |      33 |   0.0 |  1960
           D:4 |       0 |     481 |   0.0 |       0 |      30 |   0.0 |  1291
           D:5 |       0 |     436 |   0.0 |       0 |      12 |   0.0 |  1044
           D:6 |       0 |     870 |   0.0 |       0 |      27 |   0.0 |  1348
           D:7 |       0 |     318 |   0.0 |       0 |      13 |   0.0 |   375
         Sewer |       0 |     255 |   0.0 |       0 |      15 |   0.0 |   585
               +---------+---------+-------+---------+---------+-------+---------
